Golden Knights vs Capitals
Created - November 4, 2023 at 21:50
Goals
|
Golden Knights |
2 |
1 |
2 |
5 |
Capitals |
1 |
1 |
2 |
4 |
|
Shots
|
Golden Knights |
11 |
7 |
10 |
28 |
Capitals |
11 |
8 |
11 |
30 |
|
1st period
1. Capitals , Taylor Hall 6 (Alexei Marchenko 3) at 2:50
2. Golden Knights , Mathew Dumba 2 (Zach Bogosian 5) at 5:49 (PP)
3. Golden Knights , Cal Clutterbuck 4 (Jamie Benn 8, Jamie Oleksiak 2) at 11:49
Penalties :
Blake Pietila (Was) for Holding (Minor) at 5:16, Jamie Benn (Veg) for Boarding (Minor) at 13:26, Phil Kessel (Was) for Tripping (Minor) at 15:54
2nd period
4. Golden Knights , Cal Clutterbuck 5 (Andrei Loktionov 7, Mathew Dumba 5) at 1:59 (PP)
5. Capitals , Joe Colborne 3 (Phil Kessel 3, Brandon Burlon 2) at 13:08
Penalties :
Patrick Kane (Was) for Hooking (Minor) at 0:23, Zach Bogosian (Veg) for Hooking (Minor) at 5:36
3rd period
6. Capitals , Nicklas Backstrom 3 (Taylor Hall 6, Patrick Kane 10) at 5:49
7. Golden Knights , Steven Stamkos 7 (Brendan Gallagher 8) at 9:20 (PP)
8. Golden Knights , Steven Stamkos 8 (Brendan Gallagher 9) at 17:28
9. Capitals , Steve Downie 1 (Sergey Kalinin 1, Jeff Skinner 3) at 18:08
Penalties :
Joe Colborne (Was) for Tripping (Minor) at 9:14
Goalie Stats
Ondrej Pavelec (Veg), 26 saves from 30 shots - (0.867), W, 8-2-0, 60:00 minutes
Cory Schneider (Was), 23 saves from 28 shots - (0.821), L, 7-2-0, 58:46 minutes
Players Stats for Golden Knights
Player Name G A P +/- PIM S H SB GA TA FO MP PP MP PK MP
------------------------------------------------------------------------------------
Andrei Loktionov 0 1 1 0 0 1 1 0 0 0 9/13 18:12 2:25 0:58
Andrew Cogliano 0 0 0 0 0 3 0 1 0 0 1/3 15:52 1:46 2:03
Anton Lindholm 0 0 0 0 0 3 0 0 0 0 0/0 12:28 0:00 0:28
Brendan Gallagher 0 2 2 -2 0 0 1 1 0 0 0/0 19:28 1:49 0:00
Cal Clutterbuck 2 0 2 0 0 5 0 1 0 0 0/3 17:11 2:25 0:00
Christopher Tanev 0 0 0 0 0 0 1 0 0 0 0/0 12:41 0:00 0:38
Frederick Gaudreau 0 0 0 0 0 1 0 0 0 0 3/6 11:57 0:00 0:54
Gabriel Bourque 0 0 0 0 0 0 2 0 0 0 0/0 10:04 0:03 1:37
Jamie Benn 0 1 1 0 2 3 1 0 0 0 0/0 17:22 2:25 0:03
Jamie Oleksiak 0 1 1 2 0 1 1 2 0 0 0/0 18:59 1:24 2:08
JT Compher 0 0 0 0 0 0 0 0 0 0 0/0 11:03 0:00 0:00
Luke Glendening 0 0 0 0 0 1 1 0 1 1 0/1 8:17 0:00 0:00
Mathew Dumba 1 1 2 -4 0 2 3 3 1 1 0/0 28:39 2:50 1:28
Olli Maatta 0 0 0 2 0 2 1 0 1 0 0/0 18:59 1:24 2:08
Steven Stamkos 2 0 2 -2 0 5 2 0 1 0 14/26 21:25 1:49 2:06
Timo Meier 0 0 0 -2 0 0 1 0 0 0 0/1 16:50 0:00 0:15
Tomas Nosek 0 0 0 0 0 0 0 0 0 0 0/0 8:17 0:00 0:00
Zach Bogosian 0 1 1 -4 2 1 0 3 0 1 0/0 28:16 2:50 1:06
Players Stats for Capitals
Player Name G A P +/- PIM S H SB GA TA FO MP PP MP PK MP
------------------------------------------------------------------------------------
Alexei Marchenko 0 1 1 0 0 0 0 1 0 0 0/0 21:00 1:03 2:58
Blake Pietila 0 0 0 0 2 3 2 0 0 0 1/2 17:20 1:49 1:28
Bobby Ryan 0 0 0 0 0 0 1 0 0 0 1/2 15:55 1:51 0:00
Brandon Burlon 0 1 1 1 0 0 0 1 0 0 0/0 13:55 0:26 1:59
Brandon Gormley 0 0 0 1 0 1 1 0 0 1 0/0 27:05 2:29 1:16
Cody Hodgson 0 0 0 0 0 1 2 1 0 0 8/13 16:28 1:51 0:32
Jared Spurgeon 0 0 0 1 0 0 1 0 0 0 0/0 11:55 0:26 0:00
Jeff Skinner 0 1 1 0 0 4 1 0 0 0 0/0 9:32 0:41 0:09
Joe Colborne 1 0 1 0 2 4 3 0 0 0 4/7 13:34 0:41 1:01
Jujhar Khaira 0 0 0 0 0 1 4 0 0 0 0/0 13:03 0:09 1:01
Mike Green 0 0 0 1 0 2 2 1 0 1 0/0 28:03 2:29 2:15
Nicklas Backstrom 1 0 1 2 0 3 1 0 0 1 7/17 18:24 1:16 0:00
Patrick Kane 0 1 1 2 2 4 2 1 0 0 0/1 20:03 1:19 1:36
Phil Kessel 0 1 1 0 2 2 0 0 0 0 0/0 12:41 0:48 0:00
Sergey Kalinin 0 1 1 0 0 0 2 0 0 0 5/9 11:33 0:10 2:41
Shea Theodore 0 0 0 0 0 0 0 1 0 1 0/0 18:02 1:03 0:00
Steve Downie 1 0 1 0 0 1 0 0 0 0 0/1 8:42 0:00 0:00
Taylor Hall 1 1 2 2 0 4 4 1 3 0 0/1 18:27 1:19 0:00
3 Stars
1 - Taylor Hall (Was)
2 - Cal Clutterbuck (Veg)
3 - Steven Stamkos (Veg)
Power Play
Golden Knights - 3 on 4 Attempt(s) - 75.00%
Capitals - 0 on 2 Attempt(s) - 0.00%
Penalty Kill
Golden Knights - 2 on 2 Attempt(s) - 100.00%
- Score 0 goal in Penalty Kill
Capitals - 1 on 4 Attempt(s) - 25.00%
- Score 0 goal in Penalty Kill
Team Stat
Golden Knights - Hits : 15 - Faceoff Wins : 27 - Blocked Shots : 11 - Penalty Minutes : 4
Capitals - Hits : 26 - Faceoff Wins : 26 - Blocked Shots : 7 - Penalty Minutes : 8
Official
Referees : Jacob Brenk and Brian Pochmara
Linesman : Kiel Murchison and David Brisebois
Game Notes
No Game Note
Finance
Level 1 -- Attendance: 5649 (94.15%) -- Ticket Income $564,900
Level 2 -- Attendance: 4938 (98.76%) -- Ticket Income $296,280
Level 3 -- Attendance: 1875 (93.75%) -- Ticket Income $65,625
Level 4 -- Attendance: 3645 (91.13%) -- Ticket Income $91,125
Luxury Box -- Attendance: 1000 (100.00%) -- Ticket Income $200,000
Game was played at the Capital One Arena.
Total Attendance: 17107 (95.04%)
Total Ticket Income: $1,217,930
Other Income: $182,690
Total Income: $1,400,620
Golden Knights
5 vs 5 Forward
Center Left Wing Right Wing Time % Phy DF OF
1 Steven Stamkos Timo Meier Brendan Gallagher 40 1 2 2
2 Andrei Loktionov Jamie Benn Cal Clutterbuck 30 1 2 2
3 Frederick Gaudreau Andrew Cogliano JT Compher 20 1 2 2
4 Tomas Nosek Gabriel Bourque Luke Glendening 10 1 2 2
5 vs 5 Defense
Defense Defense Time % Phy DF OF
1 Zach Bogosian Mathew Dumba 40 1 2 2
2 Olli Maatta Jamie Oleksiak 30 1 2 2
3 Christopher Tanev Anton Lindholm 20 1 2 2
4 Zach Bogosian Mathew Dumba 10 1 2 2
PowerPlay Forward
Center Left Wing Right Wing Time % Phy DF OF
1 Steven Stamkos Andrew Cogliano Brendan Gallagher 60 1 2 2
2 Andrei Loktionov Jamie Benn Cal Clutterbuck 40 1 2 2
PowerPlay Defense
Defense Defense Time % Phy DF OF
1 Zach Bogosian Mathew Dumba 60 1 2 2
2 Olli Maatta Jamie Oleksiak 40 1 2 2
Penalty Kill 4 Players Forward
Center Wing Time % Phy DF OF
1 Steven Stamkos Andrew Cogliano 60 1 2 2
2 Andrei Loktionov Jamie Benn 40 1 2 2
Penalty Kill 4 Players Defense
Defense Defense Time % Phy DF OF
1 Zach Bogosian Mathew Dumba 60 1 2 2
2 Olli Maatta Jamie Oleksiak 40 1 2 2
Penalty Kill - 3 Players Forward
Forward Time % Phy DF OF
1 Steven Stamkos 60 1 2 2
2 Andrei Loktionov 40 1 2 2
Penalty Kill - 3 Players Defense
Defense Defense Time % Phy DF OF
1 Zach Bogosian Mathew Dumba 60 1 2 2
2 Olli Maatta Jamie Oleksiak 40 1 2 2
4 vs 4 Forward
Center Wing Time % Phy DF OF
1 Steven Stamkos Andrew Cogliano 60 1 2 2
2 Andrei Loktionov Jamie Benn 40 1 2 2
4 vs 4 Defense
Defense Defense Time % Phy DF OF
1 Zach Bogosian Mathew Dumba 60 1 2 2
2 Olli Maatta Jamie Oleksiak 40 1 2 2
Last Minutes Offensive
Center Left Wing Right Wing Defense Defense
Steven Stamkos Andrew Cogliano Brendan Gallagher Zach Bogosian Mathew Dumba
Last Minutes Defensive
Center Left Wing Right Wing Defense Defense
Steven Stamkos Andrew Cogliano Brendan Gallagher Zach Bogosian Mathew Dumba
Goaltenders
Starting : Ondrej Pavelec
Backup : Laurent Brossoit
Extra Forwards
Normal : Andrew Cogliano, Jamie Benn, Timo Meier - PP : Andrew Cogliano, Jamie Benn - PK : Andrew Cogliano
Extra Defensemen
Normal : Jamie Oleksiak, Christopher Tanev, Anton Lindholm - PP : Jamie Oleksiak - PK : Jamie Oleksiak, Christopher Tanev
Penalty Shots
Steven Stamkos, Brendan Gallagher, Andrei Loktionov, Cal Clutterbuck, Andrew Cogliano
Custom OT Lines Forwards
Steven Stamkos, Brendan Gallagher, Andrei Loktionov, Cal Clutterbuck, Andrew Cogliano, Jamie Benn, Timo Meier, JT Compher, Luke Glendening, Gabriel Bourque
Custom OT Lines Defensemen
Zach Bogosian, Mathew Dumba, Olli Maatta, Jamie Oleksiak, Christopher Tanev
Scratches
None
Capitals
5 vs 5 Forward
Center Left Wing Right Wing Time % Phy DF OF
1 Nicklas Backstrom Taylor Hall Patrick Kane 35 0 0 5
2 Cody Hodgson Blake Pietila Bobby Ryan 30 0 0 5
3 Joe Colborne Jujhar Khaira Phil Kessel 20 0 1 4
4 Sergey Kalinin Jeff Skinner Steve Downie 15 0 2 3
5 vs 5 Defense
Defense Defense Time % Phy DF OF
1 Brandon Gormley Mike Green 40 0 2 3
2 Alexei Marchenko Shea Theodore 30 0 3 2
3 Brandon Burlon Jared Spurgeon 20 0 3 2
4 Brandon Gormley Mike Green 10 0 2 3
PowerPlay Forward
Center Left Wing Right Wing Time % Phy DF OF
1 Nicklas Backstrom Taylor Hall Patrick Kane 60 0 0 5
2 Cody Hodgson Blake Pietila Bobby Ryan 40 0 0 5
PowerPlay Defense
Defense Defense Time % Phy DF OF
1 Brandon Gormley Mike Green 60 0 1 4
2 Alexei Marchenko Shea Theodore 40 0 2 3
Penalty Kill 4 Players Forward
Center Wing Time % Phy DF OF
1 Sergey Kalinin Patrick Kane 60 0 4 1
2 Joe Colborne Jujhar Khaira 40 0 4 1
Penalty Kill 4 Players Defense
Defense Defense Time % Phy DF OF
1 Alexei Marchenko Mike Green 60 0 4 1
2 Brandon Gormley Brandon Burlon 40 0 4 1
Penalty Kill - 3 Players Forward
Forward Time % Phy DF OF
1 Patrick Kane 60 0 5 0
2 Taylor Hall 40 0 5 0
Penalty Kill - 3 Players Defense
Defense Defense Time % Phy DF OF
1 Alexei Marchenko Mike Green 60 0 5 0
2 Brandon Burlon Brandon Gormley 40 0 5 0
4 vs 4 Forward
Center Wing Time % Phy DF OF
1 Nicklas Backstrom Taylor Hall 60 0 0 5
2 Cody Hodgson Patrick Kane 40 0 0 5
4 vs 4 Defense
Defense Defense Time % Phy DF OF
1 Brandon Gormley Mike Green 60 0 2 3
2 Alexei Marchenko Shea Theodore 40 0 2 3
Last Minutes Offensive
Center Left Wing Right Wing Defense Defense
Nicklas Backstrom Taylor Hall Patrick Kane Brandon Gormley Mike Green
Last Minutes Defensive
Center Left Wing Right Wing Defense Defense
Sergey Kalinin Blake Pietila Patrick Kane Mike Green Alexei Marchenko
Goaltenders
Starting : Cory Schneider
Backup : Chet Pickard
Extra Forwards
Normal : Patrick Kane, Taylor Hall, Nicklas Backstrom - PP : Patrick Kane, Taylor Hall - PK : Patrick Kane
Extra Defensemen
Normal : Mike Green, Brandon Gormley, Shea Theodore - PP : Mike Green - PK : Alexei Marchenko, Mike Green
Penalty Shots
Taylor Hall, Cody Hodgson, Patrick Kane, Phil Kessel, Bobby Ryan
Custom OT Lines Forwards
Taylor Hall, Patrick Kane, Nicklas Backstrom, Blake Pietila, Bobby Ryan, Jujhar Khaira, Phil Kessel, Cody Hodgson, Jeff Skinner, Joe Colborne
Custom OT Lines Defensemen
Mike Green, Brandon Gormley, Alexei Marchenko, Shea Theodore, Brandon Burlon
Scratches
None
% Time on Ice - Golden Knights
Lines # - Real PCT - Wanted PCT - Time Play
Normal Forward
1 - 33% - 40% - 16:42
2 - 29% - 30% - 14:46
3 - 22% - 20% - 11:03
4 - 16% - 10% - 8:17
Normal Defense
1 - 38% - 40% - 19:05
2 - 30% - 30% - 15:27
3 - 24% - 20% - 12:00
4 - 8% - 10% - 4:16
PP Forward
1 - 43% - 60% - 1:49
2 - 57% - 40% - 2:25
PP Defense
1 - 67% - 60% - 2:50
2 - 33% - 40% - 1:24
PK Forward
1 - 89% - 60% - 3:33
2 - 11% - 40% - 0:25
PK Defense
1 - 46% - 60% - 1:50
2 - 54% - 40% - 2:08
PK3 Forward
1 - 0% - 60%
2 - 0% - 40%
PK3 Defense
1 - 0% - 60%
2 - 0% - 40%
44 Forward
1 - 0% - 60%
2 - 0% - 40%
44 Defense
1 - 0% - 60%
2 - 0% - 40%
Last Minute Offensive - 0:00
Last Minute Defensive - 1:00
Total
Forward - 60:00
Defense - 60:00
|
% Time on Ice - Capitals
Lines # - Real PCT - Wanted PCT - Time Play
Normal Forward
1 - 32% - 35% - 16:06
2 - 28% - 30% - 14:04
3 - 23% - 20% - 11:53
4 - 17% - 15% - 8:42
Normal Defense
1 - 40% - 40% - 20:18
2 - 31% - 30% - 15:57
3 - 23% - 20% - 11:26
4 - 6% - 10% - 3:04
PP Forward
1 - 43% - 60% - 1:42
2 - 57% - 40% - 2:16
PP Defense
1 - 74% - 60% - 2:55
2 - 26% - 40% - 1:03
PK Forward
1 - 76% - 60% - 3:13
2 - 24% - 40% - 1:01
PK Defense
1 - 70% - 60% - 2:58
2 - 30% - 40% - 1:16
PK3 Forward
1 - 0% - 60%
2 - 0% - 40%
PK3 Defense
1 - 0% - 60%
2 - 0% - 40%
44 Forward
1 - 0% - 60%
2 - 0% - 40%
44 Defense
1 - 0% - 60%
2 - 0% - 40%
Last Minute Offensive - 1:03
Last Minute Defensive - 0:00
Total
Forward - 60:00
Defense - 60:00
|
Play-by-Play
1st period
0:01 of 1st period - Steven Stamkos wins face-off versus Nicklas Backstrom in neutral zone.
0:26 of 1st period - Zach Bogosian is hit by Mike Green.
1:18 of 1st period - Snap shot by Sergey Kalinin.
1:18 of 1st period - Shot Misses the Net.
1:20 of 1st period - Slapshot by Mike Green.
1:20 of 1st period - Stopped by Ondrej Pavelec without a rebound.
1:21 of 1st period - Steven Stamkos wins face-off versus Nicklas Backstrom in Golden Knights zone.
1:30 of 1st period - Wrist shot by Steven Stamkos.
1:30 of 1st period - Stopped by Cory Schneider without a rebound.
1:31 of 1st period - Nicklas Backstrom wins face-off versus Steven Stamkos in Capitals zone.
1:56 of 1st period - Wrist shot by Steven Stamkos.
1:56 of 1st period - Shot Misses the Net.
2:50 of 1st period - Wrist shot by Taylor Hall.
2:50 of 1st period - Goal by Taylor Hall - Golden Knights : 0 - Capitals : 1.
2:51 of 1st period - Cody Hodgson wins face-off versus Andrei Loktionov in neutral zone.
3:44 of 1st period - Snap shot by Phil Kessel.
3:44 of 1st period - Stopped by Ondrej Pavelec with a rebound.
3:46 of 1st period - Slapshot by Mike Green.
3:46 of 1st period - Stopped by Ondrej Pavelec with a rebound.
3:48 of 1st period - Snap shot by Brandon Gormley.
3:48 of 1st period - Shot Blocked by Jamie Oleksiak.
3:58 of 1st period - Tomas Nosek is hit by Brandon Gormley and loses puck.
5:16 of 1st period - Minor Penalty to Blake Pietila for Holding.
5:17 of 1st period - Steven Stamkos wins face-off versus Patrick Kane in Capitals zone.
5:19 of 1st period - Wrist shot by Steven Stamkos.
5:19 of 1st period - Shot Blocked by Brandon Burlon.
5:49 of 1st period - Slapshot by Mathew Dumba.
5:49 of 1st period - Goal by Mathew Dumba - Golden Knights : 1 - Capitals : 1.
5:50 of 1st period - Andrei Loktionov wins face-off versus Joe Colborne in neutral zone.
5:53 of 1st period - Wrist shot by Mathew Dumba.
5:53 of 1st period - Deflect By Jamie Benn.
5:53 of 1st period - Shot Misses the Net.
5:53 of 1st period - Puck is out of play.
5:54 of 1st period - Joe Colborne wins face-off versus Andrei Loktionov in Capitals zone.
6:09 of 1st period - Snap shot by Jujhar Khaira.
6:09 of 1st period - Stopped by Ondrej Pavelec with a rebound.
6:41 of 1st period - Snap shot by Patrick Kane.
6:41 of 1st period - Stopped by Ondrej Pavelec with a rebound.
6:43 of 1st period - Snap shot by Patrick Kane.
6:43 of 1st period - Stopped by Ondrej Pavelec without a rebound.
6:44 of 1st period - Nicklas Backstrom wins face-off versus Frederick Gaudreau in Golden Knights zone.
6:47 of 1st period - Slapshot by Patrick Kane.
6:47 of 1st period - Shot Hit the Post.
7:09 of 1st period - JT Compher is hit by Patrick Kane and loses puck.
7:16 of 1st period - Wrist shot by Taylor Hall.
7:16 of 1st period - Deflect By Andrew Cogliano.
7:16 of 1st period - Shot Blocked by Andrew Cogliano.
7:16 of 1st period - Puck is out of play.
7:17 of 1st period - Andrei Loktionov wins face-off versus Joe Colborne in Golden Knights zone.
8:12 of 1st period - Brandon Gormley is hit by Mathew Dumba and loses puck.
8:17 of 1st period - Wrist shot by Steven Stamkos.
8:17 of 1st period - Shot Misses the Net.
8:19 of 1st period - Slapshot by Zach Bogosian.
8:19 of 1st period - Stopped by Cory Schneider without a rebound.
8:20 of 1st period - Sergey Kalinin wins face-off versus Steven Stamkos in Capitals zone.
8:29 of 1st period - Wrist shot by Jeff Skinner.
8:29 of 1st period - Stopped by Ondrej Pavelec with a rebound.
9:56 of 1st period - Andrei Loktionov is hit by Sergey Kalinin and loses puck.
10:10 of 1st period - Off-side.
10:11 of 1st period - Frederick Gaudreau wins face-off versus Nicklas Backstrom in neutral zone.
10:25 of 1st period - Wrist shot by Patrick Kane.
10:25 of 1st period - Shot Blocked by Mathew Dumba.
10:27 of 1st period - Slapshot by Patrick Kane.
10:27 of 1st period - Shot Blocked by Mathew Dumba.
10:49 of 1st period - Brandon Gormley is hit by Steven Stamkos and loses puck.
11:02 of 1st period - Backhand shot by Phil Kessel.
11:02 of 1st period - Stopped by Ondrej Pavelec without a rebound.
11:03 of 1st period - Joe Colborne wins face-off versus Andrei Loktionov in Golden Knights zone.
11:20 of 1st period - Joe Colborne is hit by Jamie Benn and loses puck.
11:33 of 1st period - Wrist shot by Cal Clutterbuck.
11:33 of 1st period - Stopped by Cory Schneider with a rebound.
11:35 of 1st period - Snap shot by Jamie Benn.
11:35 of 1st period - Stopped by Cory Schneider with a rebound.
11:37 of 1st period - Wrist shot by Andrei Loktionov.
11:37 of 1st period - Shot Misses the Net.
11:43 of 1st period - Snap shot by Jamie Benn.
11:43 of 1st period - Stopped by Cory Schneider with a rebound.
11:45 of 1st period - Wrist shot by Cal Clutterbuck.
11:45 of 1st period - Shot Blocked by Alexei Marchenko.
11:47 of 1st period - Wrist shot by Cal Clutterbuck.
11:47 of 1st period - Shot Hit the Post.
11:49 of 1st period - Slapshot by Cal Clutterbuck.
11:49 of 1st period - Goal by Cal Clutterbuck - Golden Knights : 2 - Capitals : 1.
11:50 of 1st period - Nicklas Backstrom wins face-off versus Timo Meier in neutral zone.
12:01 of 1st period - Slapshot by Mathew Dumba.
12:01 of 1st period - Stopped by Cory Schneider with a rebound.
12:08 of 1st period - Icing by Nicklas Backstrom.
12:09 of 1st period - Andrei Loktionov wins face-off versus Nicklas Backstrom in Capitals zone.
12:24 of 1st period - Snap shot by Patrick Kane.
12:24 of 1st period - Shot Blocked by Zach Bogosian.
12:26 of 1st period - Snap shot by Taylor Hall.
12:26 of 1st period - Stopped by Ondrej Pavelec with a rebound.
12:28 of 1st period - Snap shot by Patrick Kane.
12:28 of 1st period - Stopped by Ondrej Pavelec without a rebound.
12:29 of 1st period - Steven Stamkos wins face-off versus Cody Hodgson in Golden Knights zone.
12:44 of 1st period - Brendan Gallagher is hit by Blake Pietila and loses puck.
13:04 of 1st period - Slapshot by Andrew Cogliano.
13:04 of 1st period - Stopped by Cory Schneider with a rebound.
13:26 of 1st period - Minor Penalty to Jamie Benn for Boarding.
13:27 of 1st period - Steven Stamkos wins face-off versus Nicklas Backstrom in Golden Knights zone.
15:26 of 1st period - Penalty to Jamie Benn is over, Jamie Benn is back on ice.
15:38 of 1st period - Snap shot by Andrew Cogliano.
15:38 of 1st period - Stopped by Cory Schneider without a rebound.
15:39 of 1st period - Joe Colborne wins face-off versus Frederick Gaudreau in Capitals zone.
15:54 of 1st period - Minor Penalty to Phil Kessel for Tripping.
15:55 of 1st period - Andrew Cogliano wins face-off versus Sergey Kalinin in Capitals zone.
17:02 of 1st period - Olli Maatta is hit by Jujhar Khaira.
17:18 of 1st period - Jamie Benn is hit by Blake Pietila and loses puck.
17:54 of 1st period - Penalty to Phil Kessel is over, Phil Kessel is back on ice.
18:52 of 1st period - Steven Stamkos is hit by Sergey Kalinin and loses puck.
19:03 of 1st period - Snap shot by Steven Stamkos.
19:03 of 1st period - Stopped by Cory Schneider without a rebound.
19:04 of 1st period - Cody Hodgson wins face-off versus Andrew Cogliano in Capitals zone.
19:37 of 1st period - Jamie Benn is hit by Jujhar Khaira and loses puck.
19:58 of 1st period - Snap shot by Patrick Kane.
19:58 of 1st period - Shot Misses the Net.
Goals for this period are 2 for Golden Knights vs 1 for Capitals.
Shots for this period are 11 for Golden Knights vs 11 for Capitals.
2nd period
0:01 of 2nd period - Steven Stamkos wins face-off versus Nicklas Backstrom in neutral zone.
0:11 of 2nd period - Wrist shot by Patrick Kane.
0:11 of 2nd period - Shot Misses the Net.
0:13 of 2nd period - Slapshot by Mike Green.
0:13 of 2nd period - Shot Blocked by Brendan Gallagher.
0:23 of 2nd period - Minor Penalty to Patrick Kane for Hooking.
0:24 of 2nd period - Sergey Kalinin wins face-off versus Steven Stamkos in Capitals zone.
0:35 of 2nd period - Snap shot by Sergey Kalinin.
0:35 of 2nd period - Deflect By Blake Pietila.
0:35 of 2nd period - Stopped by Ondrej Pavelec with a rebound.
0:49 of 2nd period - Blake Pietila is hit by Andrei Loktionov.
1:01 of 2nd period - Wrist shot by Cal Clutterbuck.
1:01 of 2nd period - Stopped by Cory Schneider without a rebound.
1:02 of 2nd period - Sergey Kalinin wins face-off versus Andrei Loktionov in Capitals zone.
1:59 of 2nd period - Snap shot by Cal Clutterbuck.
1:59 of 2nd period - Goal by Cal Clutterbuck - Golden Knights : 3 - Capitals : 1.
2:00 of 2nd period - Nicklas Backstrom wins face-off versus Steven Stamkos in neutral zone.
2:52 of 2nd period - Brandon Gormley is hit by Luke Glendening and loses puck.
3:22 of 2nd period - Snap shot by Joe Colborne.
3:22 of 2nd period - Stopped by Ondrej Pavelec without a rebound.
3:23 of 2nd period - Steven Stamkos wins face-off versus Taylor Hall in Golden Knights zone.
3:37 of 2nd period - Icing by Alexei Marchenko.
3:38 of 2nd period - Andrei Loktionov wins face-off versus Nicklas Backstrom in Capitals zone.
4:08 of 2nd period - Andrei Loktionov is hit by Taylor Hall and loses puck.
4:57 of 2nd period - Snap shot by Taylor Hall.
4:57 of 2nd period - Shot Misses the Net.
5:05 of 2nd period - Slapshot by Taylor Hall.
5:05 of 2nd period - Shot Blocked by Zach Bogosian.
5:07 of 2nd period - Snap shot by Nicklas Backstrom.
5:07 of 2nd period - Shot Blocked by Mathew Dumba.
5:09 of 2nd period - Snap shot by Taylor Hall.
5:09 of 2nd period - Stopped by Ondrej Pavelec with a rebound.
5:21 of 2nd period - Snap shot by Taylor Hall.
5:21 of 2nd period - Stopped by Ondrej Pavelec with a rebound.
5:36 of 2nd period - Minor Penalty to Zach Bogosian for Hooking.
5:37 of 2nd period - Cody Hodgson wins face-off versus Steven Stamkos in Golden Knights zone.
5:37 of 2nd period - Snap shot by Blake Pietila.
5:37 of 2nd period - Stopped by Ondrej Pavelec without a rebound.
5:38 of 2nd period - Steven Stamkos wins face-off versus Cody Hodgson in Golden Knights zone.
5:38 of 2nd period - Steven Stamkos is hit by Cody Hodgson.
7:36 of 2nd period - Penalty to Zach Bogosian is over, Zach Bogosian is back on ice.
7:38 of 2nd period - Icing by Andrei Loktionov.
7:39 of 2nd period - Andrei Loktionov wins face-off versus Bobby Ryan in Golden Knights zone.
7:57 of 2nd period - Gabriel Bourque is hit by Joe Colborne and loses puck.
8:58 of 2nd period - Olli Maatta is hit by Joe Colborne.
10:44 of 2nd period - Snap shot by Cody Hodgson.
10:44 of 2nd period - Shot Misses the Net.
11:00 of 2nd period - Steven Stamkos is hit by Jeff Skinner and loses puck.
11:13 of 2nd period - Snap shot by Andrei Loktionov.
11:13 of 2nd period - Shot Misses the Net.
11:19 of 2nd period - Snap shot by Jamie Benn.
11:19 of 2nd period - Stopped by Cory Schneider with a rebound.
11:21 of 2nd period - Slapshot by Olli Maatta.
11:21 of 2nd period - Stopped by Cory Schneider with a rebound.
11:23 of 2nd period - Slapshot by Olli Maatta.
11:23 of 2nd period - Shot Misses the Net.
11:59 of 2nd period - Slapshot by Jamie Oleksiak.
11:59 of 2nd period - Stopped by Cory Schneider with a rebound.
12:16 of 2nd period - JT Compher is hit by Taylor Hall and loses puck.
12:27 of 2nd period - Jamie Oleksiak is hit by Nicklas Backstrom and loses puck.
13:08 of 2nd period - Snap shot by Joe Colborne.
13:08 of 2nd period - Goal by Joe Colborne - Golden Knights : 3 - Capitals : 2.
13:09 of 2nd period - Steven Stamkos wins face-off versus Cody Hodgson in neutral zone.
13:31 of 2nd period - Steven Stamkos is hit by Bobby Ryan and loses puck.
13:46 of 2nd period - Snap shot by Joe Colborne.
13:46 of 2nd period - Stopped by Ondrej Pavelec without a rebound.
13:47 of 2nd period - Andrei Loktionov wins face-off versus Joe Colborne in Golden Knights zone.
13:47 of 2nd period - Andrei Loktionov is hit by Jujhar Khaira.
17:07 of 2nd period - Slapshot by Zach Bogosian.
17:07 of 2nd period - Deflect By Andrei Loktionov.
17:07 of 2nd period - Shot Misses the Net.
17:07 of 2nd period - Puck is out of play.
17:08 of 2nd period - Cody Hodgson wins face-off versus Andrew Cogliano in Capitals zone.
17:08 of 2nd period - Cody Hodgson is hit by Olli Maatta.
17:34 of 2nd period - Patrick Kane is hit by Jamie Oleksiak and loses puck.
17:41 of 2nd period - Jamie Oleksiak is hit by Taylor Hall and loses puck.
18:02 of 2nd period - Slapshot by Anton Lindholm.
18:02 of 2nd period - Stopped by Cory Schneider without a rebound.
18:03 of 2nd period - Cody Hodgson wins face-off versus Steven Stamkos in Capitals zone.
18:30 of 2nd period - Anton Lindholm is hit by Mike Green and loses puck.
18:44 of 2nd period - Icing by Jamie Oleksiak.
18:45 of 2nd period - Cody Hodgson wins face-off versus Cal Clutterbuck in Golden Knights zone.
18:46 of 2nd period - Wrist shot by Blake Pietila.
18:46 of 2nd period - Stopped by Ondrej Pavelec without a rebound.
18:47 of 2nd period - Bobby Ryan wins face-off versus Steven Stamkos in Golden Knights zone.
18:55 of 2nd period - Off-side.
18:56 of 2nd period - Cody Hodgson wins face-off versus Steven Stamkos in neutral zone.
19:01 of 2nd period - Wrist shot by Blake Pietila.
19:01 of 2nd period - Shot Blocked by Jamie Oleksiak.
19:13 of 2nd period - Wrist shot by Brendan Gallagher.
19:13 of 2nd period - Shot Blocked by Mike Green.
19:15 of 2nd period - Slapshot by Olli Maatta.
19:15 of 2nd period - Stopped by Cory Schneider with a rebound.
19:17 of 2nd period - Wrist shot by Jamie Oleksiak.
19:17 of 2nd period - Shot Misses the Net.
Goals for this period are 1 for Golden Knights vs 1 for Capitals.
Shots for this period are 7 for Golden Knights vs 8 for Capitals.
3rd period
0:01 of 3rd period - Steven Stamkos wins face-off versus Nicklas Backstrom in neutral zone.
0:52 of 3rd period - Wrist shot by Jujhar Khaira.
0:52 of 3rd period - Shot Misses the Net.
1:16 of 3rd period - Wrist shot by Jeff Skinner.
1:16 of 3rd period - Stopped by Ondrej Pavelec with a rebound.
1:36 of 3rd period - Slapshot by Brendan Gallagher.
1:36 of 3rd period - Deflect By Timo Meier.
1:36 of 3rd period - Shot Blocked by Patrick Kane.
1:36 of 3rd period - Puck is out of play.
1:37 of 3rd period - Steven Stamkos wins face-off versus Nicklas Backstrom in Capitals zone.
1:42 of 3rd period - Snap shot by Steven Stamkos.
1:42 of 3rd period - Shot Misses the Net.
1:44 of 3rd period - Wrist shot by Steven Stamkos.
1:44 of 3rd period - Stopped by Cory Schneider without a rebound.
1:45 of 3rd period - Nicklas Backstrom wins face-off versus Steven Stamkos in Capitals zone.
1:45 of 3rd period - Nicklas Backstrom is hit by Brendan Gallagher.
2:18 of 3rd period - Snap shot by Nicklas Backstrom.
2:18 of 3rd period - Shot Misses the Net.
2:26 of 3rd period - Slapshot by Nicklas Backstrom.
2:26 of 3rd period - Stopped by Ondrej Pavelec with a rebound.
2:42 of 3rd period - Wrist shot by Patrick Kane.
2:42 of 3rd period - Stopped by Ondrej Pavelec without a rebound.
2:43 of 3rd period - Cody Hodgson wins face-off versus Cal Clutterbuck in Golden Knights zone.
3:52 of 3rd period - Slapshot by Brandon Gormley.
3:52 of 3rd period - Stopped by Ondrej Pavelec without a rebound.
3:53 of 3rd period - Andrei Loktionov wins face-off versus Cody Hodgson in Golden Knights zone.
4:32 of 3rd period - Wrist shot by Andrei Loktionov.
4:32 of 3rd period - Shot Misses the Net.
4:34 of 3rd period - Wrist shot by Cal Clutterbuck.
4:34 of 3rd period - Shot Blocked by Cody Hodgson.
4:38 of 3rd period - Wrist shot by Andrei Loktionov.
4:38 of 3rd period - Stopped by Cory Schneider with a rebound.
5:16 of 3rd period - Backhand shot by Brandon Burlon.
5:16 of 3rd period - Shot Blocked by Cal Clutterbuck.
5:41 of 3rd period - Wrist shot by Cal Clutterbuck.
5:41 of 3rd period - Stopped by Cory Schneider without a rebound.
5:42 of 3rd period - Nicklas Backstrom wins face-off versus Steven Stamkos in Capitals zone.
5:49 of 3rd period - Wrist shot by Nicklas Backstrom.
5:49 of 3rd period - Goal by Nicklas Backstrom - Golden Knights : 3 - Capitals : 3.
5:50 of 3rd period - Nicklas Backstrom wins face-off versus Steven Stamkos in neutral zone.
7:13 of 3rd period - Snap shot by Steven Stamkos.
7:13 of 3rd period - Shot Blocked by Shea Theodore.
7:15 of 3rd period - Snap shot by Timo Meier.
7:15 of 3rd period - Shot Misses the Net.
7:25 of 3rd period - Andrew Cogliano is hit by Jujhar Khaira and loses puck.
8:40 of 3rd period - Zach Bogosian is hit by Cody Hodgson.
8:58 of 3rd period - Joe Colborne is hit by Mathew Dumba and loses puck.
9:05 of 3rd period - Frederick Gaudreau is hit by Joe Colborne and loses puck.
9:14 of 3rd period - Minor Penalty to Joe Colborne for Tripping.
9:15 of 3rd period - Steven Stamkos wins face-off versus Sergey Kalinin in Capitals zone.
9:20 of 3rd period - Wrist shot by Steven Stamkos.
9:20 of 3rd period - Goal by Steven Stamkos - Golden Knights : 4 - Capitals : 3.
9:21 of 3rd period - Steven Stamkos wins face-off versus Nicklas Backstrom in neutral zone.
9:44 of 3rd period - Taylor Hall is hit by Timo Meier and loses puck.
10:43 of 3rd period - Timo Meier is hit by Patrick Kane.
11:17 of 3rd period - Zach Bogosian is hit by Taylor Hall and loses puck.
11:47 of 3rd period - Mike Green is hit by Steven Stamkos and loses puck.
12:00 of 3rd period - Snap shot by Steven Stamkos.
12:00 of 3rd period - Shot Blocked by Taylor Hall.
12:06 of 3rd period - Wrist shot by Nicklas Backstrom.
12:06 of 3rd period - Stopped by Ondrej Pavelec without a rebound.
12:07 of 3rd period - Blake Pietila wins face-off versus Cal Clutterbuck in Golden Knights zone.
13:03 of 3rd period - Snap shot by Jeff Skinner.
13:03 of 3rd period - Stopped by Ondrej Pavelec without a rebound.
13:04 of 3rd period - Andrei Loktionov wins face-off versus Sergey Kalinin in Golden Knights zone.
13:16 of 3rd period - Snap shot by Andrei Loktionov.
13:16 of 3rd period - Shot Misses the Net.
13:18 of 3rd period - Snap shot by Anton Lindholm.
13:18 of 3rd period - Stopped by Cory Schneider without a rebound.
13:19 of 3rd period - Andrei Loktionov wins face-off versus Blake Pietila in Capitals zone.
13:34 of 3rd period - Wrist shot by Cody Hodgson.
13:34 of 3rd period - Stopped by Ondrej Pavelec with a rebound.
13:46 of 3rd period - Alexei Marchenko is hit by Gabriel Bourque and loses puck.
13:51 of 3rd period - Snap shot by Gabriel Bourque.
13:51 of 3rd period - Shot Misses the Net.
13:53 of 3rd period - Wrist shot by Jamie Oleksiak.
13:53 of 3rd period - Shot Misses the Net.
14:24 of 3rd period - Icing by Frederick Gaudreau.
14:25 of 3rd period - Frederick Gaudreau wins face-off versus Cody Hodgson in Golden Knights zone.
15:18 of 3rd period - Snap shot by Luke Glendening.
15:18 of 3rd period - Stopped by Cory Schneider without a rebound.
15:19 of 3rd period - Sergey Kalinin wins face-off versus Luke Glendening in Capitals zone.
15:19 of 3rd period - Sergey Kalinin is hit by Gabriel Bourque.
15:27 of 3rd period - Wrist shot by Gabriel Bourque.
15:27 of 3rd period - Shot Misses the Net.
15:35 of 3rd period - Slapshot by Brandon Gormley.
15:35 of 3rd period - Shot Blocked by Zach Bogosian.
16:32 of 3rd period - Brendan Gallagher is hit by Jared Spurgeon and loses puck.
16:53 of 3rd period - Bobby Ryan is hit by Christopher Tanev and loses puck.
17:18 of 3rd period - Wrist shot by Andrew Cogliano.
17:18 of 3rd period - Shot Misses the Net.
17:20 of 3rd period - Snap shot by Frederick Gaudreau.
17:20 of 3rd period - Stopped by Cory Schneider with a rebound.
17:22 of 3rd period - Wrist shot by JT Compher.
17:22 of 3rd period - Shot Misses the Net.
17:24 of 3rd period - Slapshot by Anton Lindholm.
17:24 of 3rd period - Deflect By Mike Green.
17:24 of 3rd period - Stopped by Cory Schneider without a rebound.
17:25 of 3rd period - Steven Stamkos wins face-off versus Sergey Kalinin in Capitals zone.
17:26 of 3rd period - Wrist shot by Brendan Gallagher.
17:26 of 3rd period - Shot Misses the Net.
17:28 of 3rd period - Wrist shot by Steven Stamkos.
17:28 of 3rd period - Goal by Steven Stamkos - Golden Knights : 5 - Capitals : 3.
17:29 of 3rd period - Joe Colborne wins face-off versus Frederick Gaudreau in neutral zone.
18:04 of 3rd period - Slapshot by Joe Colborne.
18:04 of 3rd period - Stopped by Ondrej Pavelec without a rebound.
18:05 of 3rd period - Sergey Kalinin wins face-off versus Steven Stamkos in Golden Knights zone.
18:06 of 3rd period - Backhand shot by Steve Downie.
18:06 of 3rd period - Deflect By Jeff Skinner.
18:06 of 3rd period - Stopped by Ondrej Pavelec with a rebound.
18:08 of 3rd period - Backhand shot by Sergey Kalinin.
18:08 of 3rd period - Deflect By Steve Downie.
18:08 of 3rd period - Goal by Steve Downie - Golden Knights : 5 - Capitals : 4.
18:09 of 3rd period - Frederick Gaudreau wins face-off versus Steve Downie in neutral zone.
18:23 of 3rd period - Slapshot by Mathew Dumba.
18:23 of 3rd period - Deflect By Andrew Cogliano.
18:23 of 3rd period - Deflect By Sergey Kalinin.
18:23 of 3rd period - Stopped by Cory Schneider with a rebound.
18:35 of 3rd period - Mike Green is hit by Mathew Dumba and loses puck.
18:46 of 3rd period - Capitals, Cory Schneider is pulled from the net.
19:19 of 3rd period - Slapshot by Mathew Dumba.
19:19 of 3rd period - Shot Misses the Net.
Goals for this period are 2 for Golden Knights vs 2 for Capitals.
Shots for this period are 10 for Golden Knights vs 11 for Capitals.